 Dungeon Crawl Stone Soup version 0.17.0-18-gaab0e96 (webtiles) character file.

143532 4thArraOfDagon the Grappler (level 16, -8/84 HPs)
             Began as a Vine Stalker Fighter on Nov 11, 2015.
             Was a High Priest of Okawaru.
             Splashed by an acid blob's acid (9 damage)
             ... on level 3 of the Pits of Slime.
             The game lasted 01:01:24 (8003 turns).

4thArraOfDagon the Grappler (Vine Stalker Fighter)  Turns: 8003, Time: 01:01:25

Health: -8/84      AC: 18    Str: 26    XL:     16   Next: 68%
Magic:  0/38       EV: 17    Int:  7    God:    Okawaru [*****.]
Gold:   665        SH: 22    Dex: 17    Spells: 6 memorised, 18 levels left

rFire  x x .     SeeInvis .       - Unarmed
rCold  + . .     Clarity  .     B - +4 ring mail "Bous For" {rF- Regen+ Str+6}
rNeg   + . .     SustAt   .     G - +2 large shield {reflect}
rPois  +         Gourm    .     g - +0 helmet
rElec  .         Spirit   +     v - +2 cloak {rPois}
rCorr  .         Warding  .     r - +0 pair of gloves
rMut   .         Stasis   .     y - +1 pair of boots {Fly}
MR     ++...                    Y - amulet of Asevauwn {+Rage rN+ MP+9 Int-2 Dex-4}
Stlth  +++.......               b - ring of ice
                                i - +3 ring of protection

@: heroism, finesse, corroded equipment, studying Armour, repel missiles, very
resistant to hostile enchantments, fairly stealthy
A: fangs 3, thin skeletal structure 1, mutation resistance 1, sense surroundings
1, regeneration 3, magic shield, antimagic bite, no device heal 3, rot immunity,
MP-powered wands
a: Heroism, Finesse, Renounce Religion, Evoke Berserk Rage, Evoke Flight
}: 2/15 runes: decaying, serpentine


You were on level 3 of the Pits of Slime.
You worshipped Okawaru.
Okawaru was extremely pleased with you.
You were full.

You visited 5 branches of the dungeon, and saw 30 of its levels.
You also visited: Bailey.

You collected 742 gold pieces.
You spent 77 gold pieces at shops.

Inventory:

Missiles
 s - 7 exploding tomahawks (quivered)
 E - 7 curare-tipped needles
Armour
 f - the +1 robe of the Moon {Slay+3, unknown}
   (Okawaru gifted it to you on level 3 of the Pits of Slime)

   It affects your accuracy and damage with ranged weapons and melee attacks
   (+3).
 g - a +0 helmet (worn)
 r - a +0 pair of gloves (worn)
 v - a +2 cloak of poison resistance (worn)
 y - a +1 pair of boots of flying (worn)
 B - the +4 ring mail "Bous For" (worn) {rF- Regen+ Str+6}
   (You found it on level 2 of the Snake Pit)

   It affects your strength (+6).
   It makes you vulnerable to fire.
   It increases your rate of regeneration.
 G - a +2 large shield of reflection (worn)
 H - a +1 shield of poison resistance
 Q - a +1 shield of poison resistance
Magical Staves
 a - an uncursed staff of air
 q - an uncursed staff of wizardry
Jewellery
 b - a ring of ice (right hand)
 i - a +3 ring of protection (left hand)
 x - an uncursed ring of wizardry
 W - an uncursed amulet of clarity
 Y - the amulet of Asevauwn (around neck) {+Rage rN+ MP+9 Int-2 Dex-4}
   (You found it on level 4 of the Lair of Beasts)

   [amulet of rage]

   It affects your intelligence (-2).
   It affects your dexterity (-4).
   It protects you from negative energy.
   It affects your magic capacity (+9).
   It lets you go berserk.
 Z - a +3 ring of protection
Wands
 p - a wand of lightning (15)
 K - a wand of fireball (6)
 N - a wand of fire (7)
Scrolls
 k - a scroll of fog
 o - 3 scrolls of teleportation
 u - a scroll of blinking
 D - a scroll of magic mapping
 F - a scroll of immolation
 O - a scroll of recharging
 R - 2 scrolls of remove curse
 T - a scroll of enchant armour
Potions
 c - a potion of might
 e - 3 potions of ambrosia
 j - 5 potions of flight
 m - 4 potions of lignification
 n - a potion of cancellation
 t - 2 potions of haste
 z - 3 potions of curing {unknown}
 A - a potion of agility
 I - a potion of cure mutation {unknown}
 M - a potion of invisibility {unknown}
 S - a potion of resistance
 U - 3 potions of brilliance
Books
 P - a manual of
Armour
 V - a book of the Earth

   Spells                             Type                      Level
   a - Leda's Liquefaction            Hexes/Earth                  4
   b - Bolt of Magma                  Conjuration/Fire/Earth       5
   c - Statue Form                    Transmutation/Earth          6
   d - Iron Shot                      Conjuration/Earth            6
   e - Shatter                        Earth                        9
Miscellaneous
 w - a fan of gales
 J - a disc of storms
 X - a lamp of fire
Comestibles
 d - 8 bread rations
 h - 7 meat rations
 l - a slice of pizza
 L - 2 royal jellies


   Skills:
 + Level 9.3(14.3) Fighting
 * Level 12.4(17.4) Armour
 - Level 6.1(11.1) Dodging
 - Level 8.6(13.6) Shields
 * Level 14.3(19.3) Unarmed Combat
 - Level 8.0 Spellcasting
 - Level 5.1 Charms
 - Level 10.0 Translocations
 - Level 5.1 Air Magic
 - Level 5.3 Poison Magic
 - Level 4.0 Invocations
 - Level 8.0 Evocations


You had 18 spell levels left.
You knew the following spells:

 Your Spells              Type           Power        Failure   Level  Hunger
a - Apportation           Tloc           ###.......   1%          1    None
b - Cure Poison           Pois           ##........   21%         2    ##.....
c - Repel Missiles        Chrm/Air       ##....       21%         2    ##.....
d - Swiftness             Chrm/Air       ##......     21%         2    ##.....
e - Passage of Golubria   Tloc           N/A          21%         4    ####...
f - Blink                 Tloc           N/A          2%          2    ##.....


Dungeon Overview and Level Annotations

Branches:
Dungeon (10/15)              Lair (8/8) D:9           Swamp (4/4) Lair:3
  Snake (4/4) Lair:5        Slime (4/6) Lair:6
 Temple: D:4-7          Orc: D:9-12

Altars:
Makhleb
Okawaru
Trog

Shops:
D:4 *

Portals:
Hell: Lair:8

Annotations:
D:4 Eustachio
Lair:2 Urug
Lair:7 exclusion: oklob plant, Rupert
Swamp:2 Nikola
Slime:1 ronnideworm's ghost, adept MiBe


Innate Abilities, Weirdness & Mutations

You have razor-sharp teeth.
You regenerate.
When hurt, damage is shared between your health and your magic reserves.
Your bite disrupts and absorbs the magic of your enemies.
Potions and wands cannot restore your health.
You are immune to rotting.
You have a somewhat thin skeletal structure (Dex +2, Stealth).
You are somewhat resistant to further mutation.
You passively map a small area around you.
You expend magic power (3 MP) to strengthen your wands.


Message History

Unknown command.
Unknown command.
Your shield prevents you from hitting the acid blob.
Your bite misses the acid blob.
The acid blob is severely wounded.
The large slime creature hits you!
* * * LOW HITPOINT WARNING * * *
Unknown command.
Unknown command.
Unknown command.
Unknown command.
You punch the acid blob!
Your hands burn!
* * * LOW HITPOINT WARNING * * *
You bite the acid blob. You drain its power.
You feel invigorated.
The acid blob is almost dead.
The acid blob spits acid at you. The splash of acid hits you!
* * * LOW HITPOINT WARNING * * *
The acid burns!
You die...

,
..............#......<...
........#....#...........
.............##..........
>.................>.... *
,, ,....#.#..............#
.., #...#.#.#............
*
....#.......##....<......
.......JJJ....#.........#
.......J@.............###
,.........................
......#.#................
.........##..............
.........#.......#.......
*
..#......................
*
,.#.......#..#...#........
#....#####...#......#.. *
...#.....#####


You could see an acid blob, a large slime creature and 2 slime creatures.

Vanquished Creatures
  the Lernaean hydra (Swamp:4)
  Saint Roka (Snake:4)
  3 acid blobs (Slime:3)
  6 greater nagas
  3 azure jellies (Slime:3)
  The ghost of Yevrel the Protected, a journeyman MiBe of Trog (Lair:5)
  A death ooze (Slime:1)
  A hell beast (Lair:8)
  12 hydras
  7 anacondas
  8 naga warriors (Snake:4)
  4 naga sharpshooters
  A shock serpent (Snake:4)
  3 alligators (Swamp:1)
  The ghost of 4thArraOfDagon the Grappler, a journeyman VSFi of Cheibriados (Lair:5)
  A salamander mystic (Snake:4)
  The ghost of tp1 the Thaumaturge, a novice DECj of Vehumet (D:9)
  9 sea snakes (Snake:4)
  A wizard (Lair:8)
  7 swamp dragons (Swamp:4)
  2 naga ritualists
  5 griffons
  An orc knight (Bailey)
  3 oklob plants (Lair:6)
  5 salamanders
  4 mana vipers
  6 elephants
  5 guardian serpents (Snake:4)
  9 naga magi
  21 black mambas
  2 orange demons (Lair:8)
  9 spiny frogs
  2 kobold demonologists (Bailey)
  6 komodo dragons
  6 fire drakes
  A hellwing (Lair:8)
  5 red devils (Lair:8)
  A troll (D:9)
  3 giant leeches
  2 blue devils (Lair:8)
  7 blink frogs
  4 bog bodies
  18 slime creatures
  31 yaks
  2 basilisks
  2 shadows
  5 hippogriffs
  4 wyverns
  2 wolves
  A hungry ghost (D:9)
  7 vampire mosquitoes (Swamp:3)
  37 nagas
  A warg (Snake:4)
  4 swamp worms
  8 water moccasins
  A hell hound (Lair:8)
  5 porcupines
  A sky beast (D:5)
  An ice beast (D:8)
  3 phantoms
  7 swamp drakes
  16 orc warriors
  4 ogres
  2 eyes of draining
  A necrophage (D:8)
  A centaur (D:7)
  10 crocodiles
  3 giant frogs
  A big kobold (D:8)
  A wyvern skeleton (D:8)
  An electric eel (Bailey)
  2 hounds (D:7)
  A crimson imp (D:5)
  A wight (D:9)
  A giant frog zombie (D:10)
  5 iguanas
  2 jellies
  2 orc priests
  A giant frog skeleton (D:9)
  A human zombie (D:9)
  4 orc wizards
  3 worker ants
  2 killer bee zombies
  5 sheep (Lair:7)
  A hound skeleton (D:4)
  A worker ant zombie (D:5)
  Robin (D:2)
  12 gnolls
  8 adders
  13 river rats
  A shadow imp (D:9)
  A worm (D:4)
  22 orcs
  4 giant cockroaches
  11 hobgoblins
  3 jackals (D:1)
  10 kobolds
  2 ball pythons
  A giant gecko (D:7)
  5 giant newts
  17 goblins
  3 quokkas
  3 quokka skeletons
  A fungus (Lair:6)
511 creatures vanquished.

Vanquished Creatures (others)
  A hydra (Swamp:4)
  A naga sharpshooter (Snake:1)
  A fungus (Lair:8)
  7 plants
10 creatures vanquished.

Grand Total: 521 creatures vanquished

Notes
Turn   | Place    | Note
--------------------------------------------------------------
     0 | D:1      | 4thArraOfDagon the Vine Stalker Fighter began the quest for the Orb.
     0 | D:1      | Reached XP level 1. HP: 11/11 MP: 2/2
    73 | D:1      | Reached XP level 2. HP: 16/16 MP: 3/3
   178 | D:2      | Reached skill level 3 in Shields
   178 | D:2      | Reached XP level 3. HP: 16/19 MP: 4/4
   191 | D:2      | Noticed Robin
   209 | D:2      | Reached XP level 4. HP: 9/23 MP: 5/5
   221 | D:2      | Killed Robin
   410 | D:5      | Entered Level 5 of the Dungeon
   466 | D:5      | Reached XP level 5. HP: 19/28 MP: 6/6
   481 | D:5      | Reached skill level 4 in Unarmed Combat
   546 | D:5      | Noticed an ogre
   556 | D:4      | Found Ysiol's General Store.
   603 | D:4      | Bought 2 scrolls of identify for 44 gold pieces
   603 | D:4      | Bought a scroll of identify for 22 gold pieces
   603 | D:4      | Bought a scroll of random uselessness for 11 gold pieces
   621 | D:4      | Found an iron altar of Okawaru.
   628 | D:4      | Became a worshipper of Warmaster Okawaru
   641 | D:4      | Reached skill level 5 in Unarmed Combat
   641 | D:4      | Gained mutation: You heal very quickly. [Vine Stalker growth]
   641 | D:4      | Reached XP level 6. HP: 19/32 MP: 5/7
   666 | D:4      | Noticed Eustachio
   685 | D:5      | Noticed a sky beast
   713 | D:5      | Killed a sky beast
   811 | D:5      | Killed an ogre
   811 | D:5      | Reached skill level 6 in Unarmed Combat
   937 | D:5      | Reached XP level 7. HP: 33/35 MP: 8/8
   938 | D:5      | Gained mutation: You have a somewhat thin skeletal structure (Dex +2, Stealth). [mutagenic meat]
   939 | D:5      | Gained mutation: You expend magic power (3 MP) to strengthen your wands. [mutagenic meat]
   940 | D:5      | Gained mutation: You passively map a small area around you. [mutagenic meat]
   941 | D:5      | Gained mutation: You are somewhat resistant to further mutation. [mutagenic meat]
  1063 | D:6      | Reached skill level 7 in Unarmed Combat
  1201 | D:7      | Reached * piety under Okawaru
  1295 | D:7      | Reached skill level 8 in Unarmed Combat
  1311 | D:7      | Found a bloodstained altar of Trog.
  1361 | D:7      | Gained mutation: You have razor-sharp teeth. [Vine Stalker growth]
  1361 | D:7      | Reached XP level 8. HP: 39/39 MP: 9/9
  1458 | D:8      | Reached skill level 9 in Unarmed Combat
  1491 | D:8      | Reached ** piety under Okawaru
  1527 | D:8      | Reached skill level 10 in Unarmed Combat
  1596 | D:8      | Reached skill level 1 in Invocations
  1596 | D:8      | Reached XP level 9. HP: 42/44 MP: 10/10
  1605 | D:8      | Reached skill level 1 in Dodging
  1712 | D:9      | Found a staircase to the Lair.
  1740 | D:9      | Reached skill level 1 in Evocations
  1827 | D:9      | Noticed tp1's ghost (novice DECj)
  1863 | D:9      | Killed tp1's ghost
  1863 | D:9      | Reached *** piety under Okawaru
  1887 | D:9      | Found a flagged portal.
  1903 | Bailey   | Entered a bailey
  1940 | Bailey   | Found an iron altar of Okawaru.
  1940 | Bailey   | Noticed a kobold demonologist
  1941 | Bailey   | Noticed a kobold demonologist
  1959 | Bailey   | Killed a kobold demonologist
  1959 | Bailey   | Reached XP level 10. HP: 49/49 MP: 13/13
  1977 | Bailey   | Reached skill level 11 in Unarmed Combat
  2142 | Bailey   | Killed a kobold demonologist
  2242 | Bailey   | Reached **** piety under Okawaru
  2271 | Bailey   | Noticed an orc knight
  2290 | Bailey   | Killed an orc knight
  2290 | Bailey   | Received a gift from Okawaru
  2387 | D:10     | Entered Level 10 of the Dungeon
  2510 | Lair:1   | Entered Level 1 of the Lair of Beasts
  2616 | Lair:1   | Noticed a black mamba
  2622 | Lair:1   | Killed a black mamba
  2622 | Lair:1   | Reached skill level 5 in Shields
  2648 | Lair:1   | Reached skill level 5 in Evocations
  2657 | Lair:1   | Reached XP level 11. HP: 40/54 MP: 13/15
  2685 | Lair:2   | Noticed Urug
  2781 | Lair:4   | Reached skill level 5 in Fighting
  2926 | Lair:7   | Reached ***** piety under Okawaru
  3005 | Lair:7   | Reached skill level 12 in Unarmed Combat
  3010 | Lair:7   | Reached skill level 5 in Armour
  3020 | Lair:7   | Received a gift from Okawaru
  3054 | Lair:7   | Noticed Rupert
  3060 | Lair:8   | Entered Level 8 of the Lair of Beasts
  3209 | Lair:8   | Noticed a five-headed hydra
  3224 | Lair:8   | Killed a five-headed hydra
  3224 | Lair:8   | Gained mutation: You regenerate. [Vine Stalker growth]
  3224 | Lair:8   | Reached XP level 12. HP: 60/60 MP: 13/17
  3288 | Lair:8   | Noticed a wizard
  3298 | Lair:8   | Killed a wizard
  3306 | Lair:8   | Found a burning altar of Makhleb.
  3337 | Lair:8   | Noticed a hell beast
  3359 | Lair:8   | Killed a hell beast
  3362 | Lair:8   | Received a gift from Okawaru
  3420 | Lair:8   | Reached skill level 5 in Dodging
  3454 | Lair:8   | Reached skill level 13 in Unarmed Combat
  3480 | Lair:8   | Found a gateway to Hell.
  3513 | Lair:8   | Noticed a seven-headed hydra
  3518 | Lair:8   | Killed a seven-headed hydra
  3558 | Lair:8   | Noticed a four-headed hydra
  3571 | Lair:8   | Killed a four-headed hydra
  3579 | Lair:8   | Noticed a four-headed hydra
  3588 | Lair:8   | Killed a four-headed hydra
  3681 | Lair:8   | Noticed a six-headed hydra
  3693 | Lair:8   | Killed a six-headed hydra
  3693 | Lair:8   | Received a gift from Okawaru
  3799 | Lair:8   | Reached XP level 13. HP: 67/67 MP: 19/19
  4244 | Lair:5   | Noticed Yevrel's ghost (journeyman MiBe)
  4260 | Lair:5   | Noticed 4thArraOfDagon's ghost (journeyman VSFi)
  4282 | Lair:5   | Killed Yevrel's ghost
  4290 | Lair:5   | Killed 4thArraOfDagon's ghost
  4481 | Lair:3   | Received a gift from Okawaru
  4486 | Lair:3   | Reached skill level 14 in Unarmed Combat
  4559 | Lair:3   | Learned a level 1 spell: Apportation
  4608 | Lair:4   | Got a fine jade amulet
  4620 | Lair:4   | Identified the amulet of Asevauwn {+Rage rN+ MP+9 Int-2 Dex-4} (You found it on level 4 of the Lair of Beasts)
  4690 | Lair:5   | Learned a level 2 spell: Cure Poison
  4746 | Lair:5   | Reached skill level 1 in Translocations
  4754 | Lair:5   | Reached skill level 1 in Spellcasting
  4848 | Lair:5   | Found a staircase to the Snake Pit.
  4943 | Snake:1  | Entered Level 1 of the Snake Pit
  5014 | Snake:1  | Reached XP level 14. HP: 13/72 MP: 21/21
  5149 | Snake:1  | Reached skill level 1 in Poison Magic
  5176 | Snake:1  | Learned a level 2 spell: Repel Missiles
  5212 | Snake:2  | Got an ancient ring mail
  5216 | Snake:2  | rpois plzz
  5219 | Snake:2  | Learned a level 2 spell: Swiftness
  5231 | Snake:2  | Identified the +4 ring mail "Bous For" {rF- Regen+ Str+6} (You found it on level 2 of the Snake Pit)
  5244 | Snake:2  | Learned a level 4 spell: Passage of Golubria
  5346 | Snake:2  | Learned a level 2 spell: Blink
  5553 | Snake:4  | Entered Level 4 of the Snake Pit
  5637 | Snake:4  | Reached skill level 5 in Poison Magic
  5647 | Snake:4  | Received a gift from Okawaru
  5660 | Snake:3  | Noticed a greater naga
  5668 | Snake:3  | Killed a greater naga
  5668 | Snake:3  | Reached skill level 1 in Charms
  5668 | Snake:3  | Reached skill level 1 in Air Magic
  5739 | Snake:4  | Noticed Saint Roka
  5762 | Snake:4  | Killed Saint Roka
  5861 | Snake:4  | Noticed a greater naga
  5894 | Snake:4  | Reached skill level 5 in Translocations
  5958 | Snake:4  | Noticed a greater naga
  5961 | Snake:4  | Received a gift from Okawaru
  5967 | Snake:4  | Killed a greater naga
  5967 | Snake:4  | Reached skill level 5 in Spellcasting
  5967 | Snake:4  | Reached XP level 15. HP: 68/77 MP: 23/23
  6085 | Snake:4  | Reached skill level 5 in Charms
  6095 | Snake:4  | Reached skill level 5 in Air Magic
  6151 | Snake:4  | Noticed a greater naga
  6229 | Snake:4  | Killed a greater naga
  6229 | Snake:4  | Received a gift from Okawaru
  6258 | Snake:4  | Reached ****** piety under Okawaru
  6271 | Snake:4  | Noticed a greater naga
  6284 | Snake:4  | Killed a greater naga
  6312 | Snake:4  | Noticed a greater naga
  6343 | Snake:4  | Killed a greater naga
  6368 | Snake:4  | Got a serpentine rune of Zot
  6426 | Snake:4  | Killed a greater naga
  6426 | Snake:4  | Received a gift from Okawaru
  6771 | Lair:5   | Noticed a six-headed hydra
  6781 | Lair:5   | Killed a six-headed hydra
  6781 | Lair:5   | Reached skill level 10 in Armour
  6841 | Lair:6   | Found a staircase to the Slime Pits.
  7085 | Lair:3   | Found a staircase to the Swamp.
  7091 | Swamp:1  | Entered Level 1 of the Swamp
  7116 | Swamp:2  | Noticed Nikola
  7244 | Swamp:4  | Entered Level 4 of the Swamp
  7297 | Swamp:4  | Noticed the 27-headed Lernaean hydra
  7316 | Swamp:4  | Reached XP level 16. HP: 77/82 MP: 27/27
  7356 | Swamp:4  | Received a gift from Okawaru
  7395 | Swamp:4  | Killed the 27-headed Lernaean hydra
  7426 | Swamp:4  | Got a decaying rune of Zot
  7680 | Slime:1  | Entered Level 1 of the Pits of Slime
  7685 | Slime:1  | Noticed ronnideworm's ghost (adept MiBe)
  7724 | Slime:3  | Received a gift from Okawaru
  7757 | Slime:3  | Reached skill level 10 in Translocations
  7764 | Slime:4  | Noticed an acid blob
  7767 | Slime:4  | Noticed an acid blob
  7784 | Slime:3  | Got a colourful robe {god gift}
  7785 | Slime:3  | Noticed an acid blob
  7841 | Slime:3  | Killed an acid blob
  7854 | Slime:3  | Noticed an acid blob
  7919 | Slime:3  | Killed an acid blob
  7983 | Slime:3  | Noticed an acid blob
  7985 | Slime:3  | Noticed an acid blob
  7997 | Slime:3  | Killed an acid blob
  8003 | Slime:3  | HP: 1/84 [acid blob/splash of acid (6)]
  8003 | Slime:3  | Splashed by an acid blob's acid

Action                   |  1- 3 |  4- 6 |  7- 9 | 10-12 | 13-15 | 16-18 || total
-------------------------+-------+-------+-------+-------+-------+-------++-------
Melee: Unarmed           |    47 |   138 |   198 |   490 |  1085 |   209 ||  2167
       Dagger            |       |    26 |    60 |     3 |       |       ||    89
Throw: Tomahawk          |       |       |       |     2 |       |       ||     2
 Cast: Cure Poison       |       |       |       |       |     5 |     1 ||     6
       Apportation       |       |       |       |       |     9 |     2 ||    11
       Passage of Golubr |       |       |       |       |       |     8 ||     8
       Repel Missiles    |       |       |       |       |       |     1 ||     1
Invok: Heroism           |       |       |     5 |    22 |    34 |     9 ||    70
       Finesse           |       |       |       |       |     7 |     1 ||     8
 Abil: Stop Flying       |       |       |       |     1 |       |       ||     1
Evoke: Fan of gales      |       |       |       |       |       |     1 ||     1
  Use: Potion            |     1 |       |       |     2 |     1 |     2 ||     6
       Scroll            |       |     5 |     4 |     7 |    16 |       ||    32
 Stab: Sleeping          |       |       |       |       |     2 |     1 ||     3
  Eat: Chunk             |       |       |     9 |     9 |    15 |     2 ||    35
       Fruit             |       |       |       |       |     3 |       ||     3
       Pizza             |       |       |       |       |       |     3 ||     3
       Beef jerky        |       |       |       |       |       |     2 ||     2
       Royal jelly       |       |       |       |       |       |     1 ||     1
